 Dungeon Crawl Stone Soup version 0.29.0-11-gd7f09526c8 (webtiles) character file.

Game seed: 13345354651268924593

4 gelatine the Changer (level 1, -1/15 HPs)
             Began as a Demonspawn Wanderer on Sept 3, 2022.
             Slain by a ball python (2 damage)
             ... on level 1 of the Dungeon.
             The game lasted 00:01:18 (90 turns).

gelatine the Changer (Demonspawn Wanderer)            Turns: 90, Time: 00:01:19

Health: -1/15      AC:  3    Str: 14    XL:     1   Next: 50%
Magic:  0/2        EV: 11    Int: 13    God:
Gold:   0          SH:  0    Dex: 10    Spells: 0/2 levels left

rFire   . . .      SeeInvis .   a - +0 club
rCold   . . .      Faith    .   (no shield)
rNeg    . . .      Spirit   .   c - +0 leather armour
rPois   .          Reflect  .   (no helmet)
rElec   .          Harm     .   (no cloak)
rCorr   .          Rampage  .   (no gloves)
Will    .....                   (no boots)
Stlth   +.........              (no amulet)
HPRegen 0.05/turn               (no ring)
MPRegen 0.08/turn               (no ring)

@: no status effects
A: no striking features
a: no special abilities


You were on level 1 of the Dungeon.
You visited 1 branch of the dungeon, and saw 1 of its levels.

Inventory:

Hand Weapons
 a - a +0 club (weapon)
 e - a +0 hand axe
Armour
 c - a +0 leather armour (worn)
Potions
 b - a potion of might
Miscellaneous
 d - a piece from Xom's chessboard (15/15)


   Skills:
 * Level 1.0 Fighting
 + Level 1.0 Spellcasting
 + Level 3.8 Transmutations
 + Level 1.7 Earth Magic
 + Level 1.2 Invocations
 + Level 1.0 Evocations


You couldn't memorise any spells.
You knew the following spells:

 Your Spells              Type           Power      Damage    Failure   Level
a - Sting                 Tmut/Pois      20%        1d4       16%         1
b - Beastly Appendage     Tmut           20%        N/A       8%          1

Your spell library contained the following spells:

 Spells                   Type           Power      Damage    Failure   Level
 Sandblast                Erth           10%        2d5       17%         1
 Passwall                 Tmut/Erth      5%         N/A       17%         2
 Stone Arrow              Conj/Erth      4%         3d7       58%         3


Dungeon Overview and Level Annotations

Branches:
Dungeon (1/15)

Altars:


Message History

You miscast Sting.
You are very lightly contaminated with residual magic.
Nothing appears to happen.
A bat comes into view.
The sting misses the ball python.
The giant cockroach bites you but does no damage.
You are out of magic!
You closely miss the ball python. The ball python barely misses you. x2
The bat hits you.
The giant cockroach bites you but does no damage.
The ball python bites you. The ball python misses you.
You barely miss the ball python. The bat hits you but does no damage.
The giant cockroach bites you but does no damage.
The bat closely misses you. The ball python closely misses you.
The ball python grabs you. The ball python constricts you.
The giant cockroach bites you but does no damage.
You barely miss the ball python. The bat barely misses you.
A ball python comes into view.
The ball python bites you but does no damage.
The ball python constricts you. The giant cockroach bites you.
The frilled lizard bites you but does no damage.
The ball python bites you but does no damage.
The ball python constricts you.
You barely miss the ball python. The bat barely misses you.
The giant cockroach bites you. The ball python bites you.
The ball python constricts you. The frilled lizard bites you.
* * * LOW HITPOINT WARNING * * *
The bat hits you but does no damage. The giant cockroach bites you.
* * * LOW HITPOINT WARNING * * *
Your magical contamination has completely faded away.
You escape the ball python's grasp.
The ball python attacks as you move away!
The ball python bites you but does no damage.
The ball python barely misses you. The bat barely misses you.
The giant cockroach attacks as you move away!
The giant cockroach closely misses you. The bat hits you but does no damage.
The frilled lizard closely misses you.
The ball python attacks as you move away!
The ball python bites you.
You die...

..#.#.#..... .#
#+###.#.#.#....##.##
......#.#.#........
.......#.#...†.#.#######
.....#.#.....#....... ##
#...#.##.#........#
.####.†.#.............+
...'..#......###SS.(..#
.####.#......#.'@B....+
## #.#......#.#.l....#
#.#......#.#......#
#.#........#..b...#
#.#.................
#.##....##............
#.##....##.#..........
#.###+###.... # $...


You could see a giant cockroach, a bat, 2 ball pythons and a frilled lizard.

Vanquished Creatures
  A dart slug (D:1)
  A giant cockroach (D:1)
2 creatures vanquished.

Notes
Turn   | Place    | Note
-------+----------+-------------------------------------------
     0 | D:1      | gelatine the Demonspawn Wanderer began the quest for the
                  | Orb.
     0 | D:1      | gelatine set off with the following items: a +0 club, a
                  | potion of might, a +0 leather armour, a piece from Xom's
                  | chessboard (15/15); and the following spells available to
                  | memorise: Beastly Appendage, Sandblast, Sting, Passwall,
                  | Stone Arrow.
     0 | D:1      | Reached XP level 1. HP: 15/15 MP: 2/2
     2 | D:1      | Learned a level 1 spell: Sting
     4 | D:1      | Learned a level 1 spell: Beastly Appendage
    90 | D:1      | Slain by a ball python

Illustrated notes

Levels and vault maps discovered:
D:1:      evilmike_arrival_plus, layout_basic, minmay_misc_feat_more_columns

Action                   || total
-------------------------++-------
Melee: Club              ||     5
       Kick              ||     1
 Cast: Sting             ||     4
       Beastly Appendage ||     1
Armor: Leather armour    ||    12
Dodge: Dodged            ||    13
